 Dungeon Crawl Stone Soup version 0.27-a0-1177-g245c70e1c0 (webtiles) character file.

Game seed: 15417574278339972701

89 freelancePsychic the Ruffian (level 4, -7/41 HPs)
             Began as a Troll Earth Elementalist on May 16, 2021.
             Killed by divine providence
             ... invoked by an orc priest
              (13 damage)
             ... on level 3 of the Dungeon.
             The game lasted 00:01:51 (1250 turns).

freelancePsychic the Ruffian (TrEE)                 Turns: 1250, Time: 00:01:51

Health: -7/41      AC:  4    Str: 16    XL:     4   Next: 31%
Magic:  4/4        EV:  5    Int: 12    God:
Gold:   85         SH: 11    Dex: 10    Spells: 4/5 levels left

rFire    . . .     SeeInvis .     - Unarmed
rCold    . . .     Faith    .   j - +0 tower shield
rNeg     . . .     Spirit   .   c - +0 robe
rPois    .         Reflect  .   (helmet restricted)
rElec    .         Harm     .   (no cloak)
rCorr    .         Rampage  .   (gloves unavailable)
Will     .....                  (boots unavailable)
Stlth    +.........             (no amulet)
HPRegen  1.13/turn              (no ring)
MPRegen  0.09/turn              (no ring)

@: no status effects
A: large, unfitting armour, claws 3, regeneration 1, shaggy fur 1, tough skin 1
a: no special abilities


You were on level 3 of the Dungeon.
You visited 1 branch of the dungeon, and saw 3 of its levels.

You collected 85 gold pieces.

Inventory:

Missiles
 a - a throwing net
 b - 93 stones
Armour
 c - a +0 robe (worn)
 j - a +0 tower shield (worn)
Scrolls
 f - a scroll of teleportation {unknown}
 i - a scroll of identify {unknown}
 k - a scroll of brand weapon {unknown}
 l - a scroll of magic mapping {unknown}
 n - a scroll of fear {unknown}
Potions
 d - a potion of invisibility {unknown}
 e - a potion of brilliance {unknown}
 g - a potion of curing {unknown}
 h - a potion of haste {unknown}
 m - a potion of magic {unknown}
 o - a potion of degeneration {unknown}


   Skills:
 + Level 1.3 Fighting
 - Level 2.1 Dodging
 - Level 1.0 Stealth
 + Level 0.5 Shields
 * Level 2.7 Unarmed Combat
 - Level 1.2 Spellcasting
 - Level 0.6 Transmutations
 - Level 2.6 Earth Magic


You had 4 spell levels left.
You knew the following spells:

 Your Spells              Type           Power      Damage    Failure   Level
a - Sandblast             Erth           14%        2d6       91%         1

Your spell library contained the following spells:

 Spells                   Type           Power      Damage    Failure   Level
 Passwall                 Tmut/Erth      3%         N/A       99%         2
 Magic Dart               Conj           0%         1d3       100%        1
 Summon Small Mammal      Summ           0%         N/A       100%        1
 Blink                    Tloc           N/A        N/A       100%        2
 Call Imp                 Summ           0%         N/A       100%        2
 Slow                     Hex            0%         N/A       100%        2
 Call Canine Familiar     Summ           0%         N/A       100%        3
 Conjure Flame            Conj/Fire      0%         6-21      100%        3
 Mephitic Cloud           Conj/Pois/Air  0%         N/A       100%        3
 Stone Arrow              Conj/Erth      6%         3d7       100%        3
 Summon Guardian Golem    Hex/Summ       0%         N/A       100%        3
 Petrify                  Tmut/Erth      4%         N/A       100%        4
 Summon Ice Beast         Ice/Summ       0%         N/A       100%        4
 Summon Lightning Spire   Summ/Air       0%         N/A       100%        4
 Lee's Rapid Deconstruct  Erth           3%         3d6*      100%        5


Dungeon Overview and Level Annotations

Branches:
Dungeon (3/15)

Altars:
Elyvilon


Innate Abilities, Weirdness & Mutations

You are too large for most types of armour.
You have claws for hands.
Your natural rate of healing is unusually fast.
You are covered in fur. (AC +1)
You have tough skin. (AC +1)


Message History

Pain shoots through your body!
You barely miss the orc priest. You block the orc priest's attack.
The orc hits you with a +0 flail.
The orc priest hits you but does no damage.
You scratch the orc priest.
The orc priest is moderately wounded.
You block the orc's attack.
The orc priest mumbles some strange prayers to Beogh against you.
Beogh smites you! You block the orc's attack.
The orc hits you with a +0 short sword.
You are too injured to fight recklessly!
You are too injured to fight recklessly!
You are too injured to fight recklessly!
You are too injured to fight recklessly!
You are too injured to fight recklessly!
You are too injured to fight recklessly!
You are too injured to fight recklessly!
You are too injured to fight recklessly!
You are too injured to fight recklessly!
You are too injured to fight recklessly!
You are too injured to fight recklessly!
You are too injured to fight recklessly!
You are too injured to fight recklessly!
You are too injured to fight recklessly!
You are too injured to fight recklessly!
You are too injured to fight recklessly!
You are too injured to fight recklessly!
You scratch the orc priest.
The orc priest is moderately wounded.
The orc priest hits you with a +0 falchion.
You block the orc priest's attack.
You closely miss the orc priest.
The orc priest is moderately wounded.
The orc priest invokes the aid of Beogh against you.
Beogh smites you!
* * * LOW HITPOINT WARNING * * *
The orc barely misses you.
The orc priest mumbles some strange prayers to Beogh against you.
Beogh smites you!
You die...

########## #........#
#........# #........#
+#####........#
........o.....#
......ooo.....+
....##.##....# # #.@.#
#### ###### #.P.# .....
#...# ##.#### ##.##
....... #.# ##..## #####
##.## ##..#
###...###...###..
....###...P....._.....P.
###.....#.†.###...###...


You could see an orc priest and 3 orcs.

Vanquished Creatures
  5 adders (D:2)
  A worm (D:2)
  4 endoplasms (D:1)
  2 giant cockroaches
  2 goblins
  2 hobgoblins
  5 kobolds (D:1)
  5 quokkas
  3 ball pythons
  3 bats
  A frilled lizard (D:1)
  10 rats
43 creatures vanquished.

Notes
Turn   | Place    | Note
-------+----------+-------------------------------------------
     0 | D:1      | freelancePsychic the Troll Earth Elementalist began the
                  | quest for the Orb.
     0 | D:1      | Reached XP level 1. HP: 16/16 MP: 1/1
   103 | D:1      | Reached skill level 1 in Unarmed Combat
   107 | D:1      | Reached XP level 2. HP: 25/26 MP: 2/2
   576 | D:2      | Reached XP level 3. HP: 32/32 MP: 3/3
   582 | D:2      | Reached skill level 1 in Fighting
   927 | D:2      | Reached XP level 4. HP: 32/41 MP: 4/4
  1220 | D:3      | Found a white marble altar of Elyvilon.
  1250 | D:3      | Killed from afar by an orc priest

Illustrated notes

Levels and vault maps discovered:
D:1:      onia_arrival_mini_spirals, layout_rooms, st_stairs_2
D:2:      layout_loops_ring
D:3:      layout_basic, elyvilon_altar_1, fedhas_altar_4,
          ebering_ghost_reflecting_pool, minivault_25

Skill      XL: |  1  2  3 |
---------------+----------+-----
Unarmed Combat | 1 2 |  2.7
Dodging        | 2 |  2.1
Fighting       | 1 |  1.3
Stealth        | |  1.0
Shields        | |  0.5
Spellcasting   | |  1.2
Transmutations | |  0.6
Earth Magic    | |  2.6

Action                   |  1- 3 |  4- 6 || total
-------------------------+-------+-------++-------
Melee: Unarmed           |   117 |    19 ||   136
 Stab: Sleeping          |     3 |       ||     3
Armor: Robe              |    55 |     3 ||    58
Dodge: Dodged            |    41 |     4 ||    45
Block: Tower shield      |    21 |    13 ||    34

Table legend: (Time is in decaauts)
 A = Elapsed time spent in this place.
 B = Non-inter-level travel time spent in this place.
 C = Inter-level travel time spent in this place.
 D = Time resting spent in this place.
 E = Time spent auto-exploring this place.
 F = Levels seen in this place.
 G = Mean time per level.
                   A        B        C        D        E       F      G
               +--------+--------+--------+--------+--------+-----+--------+
         Total |   1267 |   1221 |     46 |      0 |    920 |   3 |  422.3 |
       Dungeon |   1267 |   1221 |     46 |      0 |    920 |   3 |  422.3 |
               +--------+--------+--------+--------+--------+-----+--------+

Top non-repeatable levels by time:
     D:2: 671 daAuts
     D:1: 543 daAuts
     D:3: 52 daAuts
